 Dungeon Crawl Stone Soup version 0.31-a0-881-ge136f0c47a (webtiles) character file.

Game seed: 8646591516367537144

52 protoss039 the Digger (level 3, 0/27 HPs)
             Began as a Demonspawn Earth Elementalist on Oct 15, 2023.
             Succumbed to a kobold's poison
             ... on level 2 of the Dungeon.
             The game lasted 00:02:34 (1204 turns).

protoss039 the Digger (DsEE)                        Turns: 1204, Time: 00:02:34

Health: 0/27       AC:  2    Str: 14    XL:     3   Next: 60%
Magic:  6/7        EV: 12    Int: 18    God:
Gold:   55         SH:  0    Dex: 13    Spells: 6/7 levels left

rFire   . . .        i - +0 short sword
rCold   . . .        (no shield)
rNeg    . . .        a - +0 robe
rPois   .            (no helmet)
rElec   .            (no cloak)
rCorr   .            (no gloves)
SInv    .            (no boots)
Will    +....        (no amulet)
Stlth   ++           h - +6 ring of strength
HPRegen 0.24/turn    (no ring)
MPRegen 0.20/turn

%: no passive effects
@: mighty, lethally poisoned (0 -> 0), enlightened, flying
A: hooves 1, magic regeneration
a: no special abilities


You were on level 2 of the Dungeon.
You visited 1 branch of the dungeon, and saw 2 of its levels.

You collected 55 gold pieces.

Inventory:

Hand Weapons
 d - a +1 whip of venom
 i - a +0 short sword (weapon)
Armour
 a - a +0 robe (worn)
Jewellery
 h - a +6 ring of strength (left hand)
Talismans
 j - a flux talisman
Scrolls
 c - 2 scrolls of blinking {unknown}
 e - a scroll of identify {unknown}
 f - a scroll of enchant armour {unknown}
Potions
 b - a potion of magic


   Skills:
 + Level 1.8 Fighting
 - Level 1.7 Dodging
 - Level 1.7 Stealth
 + Level 2.6 Spellcasting
 - Level 0.8 Transmutations
 + Level 3.2 Earth Magic


You had 6 spell levels left.
You knew the following spells:

 Your Spells              Type           Power      Damage    Failure   Level
a - Sandblast             Erth           28%        2d8       4%          1

Your spell library contained the following spells:

 Spells                   Type           Power      Damage    Failure   Level
 Passwall                 Tmut/Erth      7%         N/A       11%         2
 Cigotuvi's Dreadful Rot  Necr/Pois/Air  4%         N/A       26%         2
 Scorch                   Fire           4%         2d5       26%         2
 Stone Arrow              Conj/Erth      16%        3d8       26%         3
 Ignite Poison            Fire/Tmut/Pois 3%         N/A       41%         3
 Petrify                  Tmut/Erth      9%         N/A       58%         4
 Brom's Barrelling Bould  Conj/Erth      8%         2d3       65%         4
 Flame Wave               Conj/Fire      2%         2d4       86%         4
 Freezing Cloud           Conj/Ice/Air   1%         6-21      99%         5
 Summon Cactus Giant      Summ           1%         N/A       100%        6


Dungeon Overview and Level Annotations

Branches:
Dungeon (2/15) Zot: 10771

Altars:


Innate Abilities, Weirdness & Mutations

You have large cloven feet.
You regenerate magic rapidly.


Message History

Aiming: Sandblast (safe; 4% risk of failure)
Press: ? - help, Shift-Dir - straight line, f - kobold
Aim: a kobold, wielding a +1 whip of venom (severely wounded, 77% to hit)
The blast of sand hits the kobold.
You kill the kobold!
You feel very sick.
Unknown command.
Casting: Sandblast (safe; 4% risk of failure)
Confirm with . or Enter, or press ? or * to list all spells.
Aiming: Sandblast (safe; 4% risk of failure)
Press: ? - help, Shift-Dir - straight line, f - you That would be overly suicidal.
Okay, then.
Unknown command.
It was a potion of might.
You feel very mighty all of a sudden.
* * * LOW HITPOINT WARNING * * *
You feel very sick.
Unknown command.
It was a potion of enlightenment.
You feel very buoyant.
You fly up into the air.
* * * LOW HITPOINT WARNING * * *
You feel sick.
Unknown command.
* * * LOW HITPOINT WARNING * * *
You feel sick.
Things that are here:
a +1 whip of venom; a kobold corpse
d - a +1 whip of venom
* * * LOW HITPOINT WARNING * * *
You feel sick.
* * * LOW HITPOINT WARNING * * *
You feel sick.
Okay, then.
* * * LOW HITPOINT WARNING * * *
You feel sick.
* * * LOW HITPOINT WARNING * * *
You feel sick.
You die...

..#+#....#.#
#..........##.#
#..........'w.#
#..........########
#.................#### .
#.....................
..##.................##
................<....# #
..........@..........###.#
.............###.........#
.............# ###########
#######.†)...# #........#
#........... #............
###...........
#...........


There were no monsters in sight!

Vanquished Creatures
  A worm (D:2)
  2 dart slugs
  6 ball pythons (D:1)
  A bat (D:1)
  2 endoplasms (D:1)
  2 giant cockroaches (D:1)
  4 goblins
  7 hobgoblins (D:1)
  3 jackals (D:1)
  3 quokkas (D:1)
  2 frilled lizards (D:1)
  2 kobolds
  3 rats (D:1)
38 creatures vanquished.

Notes
Turn   | Place    | Note
-------+----------+-------------------------------------------
     0 | D:1      | protoss039 the Demonspawn Earth Elementalist began the
                  | quest for the Orb.
     0 | D:1      | Reached XP level 1. HP: 13/13 MP: 3/3
    38 | D:1      | You fall into a shaft and drop 1 floor!
   199 | D:1      | Gained mutation: You regenerate magic rapidly. [demonic
                  | ancestry]
   199 | D:1      | Reached XP level 2. HP: 19/20 MP: 1/5
   270 | D:1      | Reached skill level 1 in Fighting
   293 | D:1      | Reached skill level 3 in Earth Magic
   392 | D:1      | Discovered your monstrous ancestry.
   392 | D:1      | Gained mutation: You have large cloven feet. [demonic
                  | ancestry]
   392 | D:1      | Reached XP level 3. HP: 26/26 MP: 4/6
  1203 | D:2      | HP: 1/27 [poisoned by a kobold]
  1204 | D:2      | Succumbed to a kobold's poison

Illustrated notes

Levels and vault maps discovered:
D:1:      dpeg_arrival_castle, layout_basic, grunt_decor_one_mirror
D:2:      minmay_wonky_spiral, layout_basic, basic_altar,
          uniq_crazy_yiuf_cottage

Skill      XL: |  1  2 |
---------------+-------+-----
Fighting       | 1 |  1.8
Earth Magic    | 3 |  3.2
Dodging        | |  1.7
Stealth        | |  1.7
Spellcasting   | |  2.6
Transmutations | |  0.8

Action                     || total
---------------------------++-------
  Melee: Unarmed           ||    58
         Short sword       ||    16
         Kick              ||    10
         Punch             ||     1
   Cast: Sandblast         ||    41
Ability: Begin Untransform ||     1
    Use: Potion            ||     2
   Stab: Sleeping          ||     2
 Armour: Robe              ||    63
  Dodge: Dodged            ||    52
   Form: Flux              ||     1

Table legend: (Time is in decaauts)
 A = Elapsed time spent in this place.
 B = Non-inter-level travel time spent in this place.
 C = Inter-level travel time spent in this place.
 D = Time resting spent in this place.
 E = Time spent auto-exploring this place.
 F = Levels seen in this place.
 G = Mean time per level.
                   A        B        C        D        E       F      G
               +--------+--------+--------+--------+--------+-----+--------+
         Total |   1228 |   1216 |     12 |     42 |    839 |   2 |  614.0 |
       Dungeon |   1228 |   1216 |     12 |     42 |    839 |   2 |  614.0 |
               +--------+--------+--------+--------+--------+-----+--------+

Top non-repeatable levels by time:
     D:1: 1053 daAuts
     D:2: 175 daAuts
